AoeStats
← Armitte

Black Forest

508712626Analyzed
4v4 RM · 9d ago on Sep 23, 2026· 48m 45s· 8 players
Game mode
Random Map
Map size
Large (8 player)
Population
200
Speed
Normal
Resources
Standard
Victory
Conquest
Starting age
Dark Age
Ending age
Imperial Age
RankedLock teamsTeams togetherTeam positionsShared explorationLock speedFull tech treeHidden civsTurbo modeCheats
Victory
Defeat
🇳🇴 Danes · Norway
1788
+11
🇳🇴 Berbers · Norway
1758
+12
🇳🇴 Varangians · Norway
1707
+14
1662
+16
🇬🇧 Saxons · United Kingdom
1761
-16
🇩🇪 Bohemians · Germany
1693
-14
🇺🇦 Saxons · Ukraine
1674
-14
🇪🇸 Danes · Spain
1557
-9
El Sobol
6:13 Loom
8:46 Feudal Age
9:36 Double-Bit Axe
12:17 Man-at-Arms
13:55 Arson
14:20 Horse Collar
23:49 Castle Age
24:05 Scale Mail Armor
23:58 Gold Mining
24:50 Bow Saw
26:59 Forging
27:42 Gold Shaft Mining
29:09 Wheelbarrow
29:54 Stone Mining
30:16 Squires
31:21 Heavy Plow
33:38 Chain Mail Armor
36:07 Imperial Age
34:53 Iron Casting
36:46 Fortified Wall
39:01 Hand Cart
39:51 Two-Man Saw
Noble
12:13 Feudal Age
12:47 Double-Bit Axe
15:47 Castle Age
13:59 Horse Collar
16:41 Bow Saw
15:54 Light Cavalry
17:12 Light Cavalry
27:49 Bloodlines
27:52 Forging
35:39 Imperial Age
33:45 Wheelbarrow
32:56 Loom
32:56 Town Watch
34:05 Scale Mail Armor
34:40 Iron Casting
34:07 Squires
34:17 Heavy Plow
35:49 Elite Varangian Guard
36:45 Chain Mail Armor
37:31 Two-Man Saw
37:02 Crop Rotation
36:40 Gold Mining
36:42 Stone Mining
37:28 Hand Cart
37:15 Onager
39:07 Plate Mail Armor
38:46 Arson
39:25 Conscription
41:43 Capped Ram
42:15 Guard Tower
42:11 Arrowslits
42:46 Ballistics
42:18 Fletching
44:11 Keep
43:47 Masonry
43:33 Bodkin Arrow
44:33 Guilds
44:55 Coinage
44:25 Caravan
45:21 Bracer
45:03 Treadmill Crane
45:29 Siege Engineers
Nobody
9:04 Loom
10:52 Feudal Age
14:47 Castle Age
13:10 Double-Bit Axe
13:11 Horse Collar
16:00 Bow Saw
16:06 Heavy Plow
17:43 Loom
23:44 Wheelbarrow
24:02 Town Watch
29:11 Imperial Age
27:37 Gold Mining
29:08 Gold Shaft Mining
29:51 Hand Cart
29:13 Onager
29:15 Capped Ram
30:09 Siege Ram
31:35 Siege Onager
32:26 Fletching
32:34 Murder Holes
34:13 Conscription
34:58 Conscription
35:50 Chemistry
36:28 Bodkin Arrow
37:06 Northmen's Fury
38:07 Conscription
41:16 Siege Engineers
Armitte
1:00 Loom
23:45 Feudal Age
26:24 Double-Bit Axe
26:57 Horse Collar
32:37 Castle Age
34:09 Bow Saw
34:00 Heavy Plow
36:02 Town Watch
36:09 Town Watch
38:35 Wheelbarrow
43:12 Imperial Age
40:59 Hand Cart
42:00 Chemistry
43:57 Padded Archer Armor
[Nors]Zanato
0:38 Loom
11:15 Feudal Age
22:13 Double-Bit Axe
25:49 Castle Age
24:36 Town Watch
24:39 Horse Collar
27:23 Bow Saw
28:38 Fortified Wall
36:52 Gold Mining
38:46 Heavy Plow
39:18 Scale Barding Armor
40:17 Bloodlines
40:07 Husbandry
40:55 Wheelbarrow
40:21 Town Patrol
41:33 Stone Mining
41:45 Vendel Legacy
43:22 Chain Barding Armor
43:13 Forging
46:08 Imperial Age
45:33 Iron Casting
46:13 Cavalier
47:30 Plate Barding Armor
46:24 Capped Ram
[Nors] OG DADDY
0:54 Loom
21:23 Feudal Age
22:10 Double-Bit Axe
25:33 Wheelbarrow
24:57 Fletching
32:39 Gold Mining
45:34 Horse Collar
49:52 Castle Age
[Nors] Laksen ><(((º>
8:21 Loom
12:41 Feudal Age
16:48 Castle Age
14:58 Double-Bit Axe
14:58 Horse Collar
18:45 Bow Saw
24:47 Scale Mail Armor
24:53 Squires
27:38 Forging
27:16 Arson
28:57 Chain Mail Armor
29:17 Iron Casting
34:07 Iron Casting
35:22 Stone Mining
35:22 Gold Mining
36:50 Wheelbarrow
37:40 Stone Shaft Mining
37:20 Fortified Wall
37:20 Town Watch
39:10 Hand Cart
40:10 Fletching
45:47 Masonry
[Nors] °Andy°
11:50 Feudal Age
15:20 Castle Age
14:00 Double-Bit Axe
13:57 Horse Collar
16:22 Bow Saw
20:23 Loom
23:32 Wheelbarrow
23:05 Gold Mining
24:13 Scale Mail Armor
25:01 Hand Cart
25:16 Heavy Plow
26:00 Chain Mail Armor
25:53 Squires
26:05 Forging
28:52 Imperial Age
26:38 Arson
27:56 Gambesons
29:01 Elite Varangian Guard
30:15 Plate Mail Armor
30:02 Capped Ram
30:16 Capped Ram
31:39 Iron Casting
38:00 Onager
39:44 Gold Shaft Mining
42:19 Coinage
45:03 Blast Furnace
48:17 Siege Ram
Connection lost

Rejoining the realm…

Still unreachable

The connection could not be restored.

Session expired

The server has moved on; the page needs a fresh start.